 Dungeon Crawl Stone Soup version 0.27.1 (webtiles) character file.

Game seed: 8861666316024552032

14 chaosape the Firebug (level 2, -3/23 HPs)
             Began as a Gnoll Wanderer on Sept 5, 2021.
             Succumbed to a kobold's curare-tipped dart
             ... on level 2 of the Dungeon.
             The game lasted 00:03:31 (1060 turns).

chaosape the Firebug (Gnoll Wanderer)               Turns: 1060, Time: 00:03:32

Health: -3/23      AC:  4    Str: 12    XL:     2   Next: 45%
Magic:  7/7        EV: 11    Int: 10    God:
Gold:   75         SH:  0    Dex: 11    Spells: 10/10 levels left

rFire    . . .     SeeInvis .   a - +2 spear
rCold    . . .     Faith    .   (no shield)
rNeg     . . .     Spirit   .   e - +0 leather armour
rPois    .         Reflect  .   (no helmet)
rElec    .         Harm     .   m - scarf {+Inv}
rCorr    .         Rampage  .   n - +0 pair of gloves
Will     .....                  (no boots)
Stlth    ++........             (no amulet)
HPRegen  0.07/turn              (no ring)
MPRegen  0.10/turn              (no ring)

@: lethally poisoned (-3 -> -19), slowed, very slow
A: fangs 1, strong nose, distributed training
a: Evoke Invisibility


You were on level 2 of the Dungeon.
You visited 1 branch of the dungeon, and saw 2 of its levels.

You collected 75 gold pieces.

Inventory:

Hand Weapons
 a - a +2 spear (weapon)
Missiles
 f - 15 arrows
 h - 4 boomerangs (quivered)
 j - 51 stones
Armour
 c - a +0 robe
 e - a +0 leather armour (worn)
 m - a scarf of invisibility (worn)
 n - a +0 pair of gloves (worn)
Jewellery
 o - a ring of protection from fire
 p - a ring of wizardry
Scrolls
 g - a scroll of noise
 k - a scroll of fear {unknown}
 l - 2 scrolls of magic mapping {unknown}
Potions
 d - a potion of degeneration {unknown}
 i - a potion of brilliance {unknown}


   Skills:
 + Level 2.5 Fighting
 + Level 0.4 Short Blades
 + Level 0.4 Long Blades
 + Level 0.4 Axes
 + Level 0.4 Maces & Flails
 + Level 4.5 Polearms
 + Level 0.4 Staves
 + Level 0.4 Slings
 + Level 0.4 Bows
 + Level 0.4 Crossbows
 + Level 0.4 Throwing
 + Level 0.4 Armour
 + Level 0.4 Dodging
 + Level 2.2 Stealth
 + Level 2.5 Shields
 + Level 0.4 Unarmed Combat
 + Level 4.9 Spellcasting
 + Level 0.2 Conjurations
 + Level 0.2 Hexes
 + Level 0.2 Summonings
 + Level 0.2 Necromancy
 + Level 0.2 Translocations
 + Level 0.2 Transmutations
 + Level 5.3 Fire Magic
 + Level 0.2 Ice Magic
 + Level 0.2 Air Magic
 + Level 0.2 Earth Magic
 + Level 0.2 Poison Magic
 + Level 0.5 Invocations
 + Level 0.4 Evocations


You had 10 spell levels left.
You didn't know any spells.
Your spell library contained the following spells:

 Spells                   Type           Power      Damage    Failure   Level
 Corpse Rot               Necr/Air       N/A        N/A       36%         2
 Static Discharge         Conj/Air       3%         N/A       36%         2


Dungeon Overview and Level Annotations

Branches:
Dungeon (2/15)

Altars:


Innate Abilities, Weirdness & Mutations

You have very sharp teeth.
Your uncanny sense of smell can sniff out nearby items.
Your experience applies equally to all skills.


Message History

The goblin shouts!
The goblin moves out of view.
The goblin closely misses you.
You hit the goblin.
You kill the goblin!
You see here a +0 dagger.
Found a stone staircase leading up.
No target in view!
Found a sapphire ring.
There is a stone staircase leading up here.
o - a ring of protection from fire A bat comes into view.
Found a tubular opal ring.
You reach to attack!
You puncture the bat!
You kill the bat!
No target in view!
p - a ring of wizardry A kobold comes into view.
It is wielding a +0 short sword and quivering curare-tipped darts.
Found a stone staircase leading down.
The kobold shouts!
The kobold throws a curare-tipped dart.
The curare-tipped dart hits you.
You are poisoned.
You have difficulty breathing.
You feel yourself slow down.
You feel better.
The kobold throws a curare-tipped dart.
The curare-tipped dart barely misses you.
The kobold throws a curare-tipped dart.
The curare-tipped dart hits you.
You are poisoned.
You have difficulty breathing.
You feel as though you will be slow longer.
The kobold throws a curare-tipped dart.
The curare-tipped dart hits you.
You are lethally poisoned!
You have difficulty breathing.
You feel as though you will be slow longer.
* * * LOW HITPOINT WARNING * * *
You feel extremely sick.
Okay, then.
As you read the scroll labelled AGIUNK QEAGE, it crumbles to dust.
You hear a loud clanging noise!
It was a scroll of noise.
You die...

..#........######.#
#.#.##.#..........#
#.#.##.#.##########
#.##........#
#.........###
####.#.#### # #.#
#.#.#######
#..@.....#
#.#.#####.# #.#.# #
#.# #.# #K# .>. ∆
###


You could see a kobold.

Vanquished Creatures
  3 ball pythons
  A bat (D:2)
  An endoplasm (D:2)
  3 goblins (D:2)
  A quokka (D:1)
  2 frilled lizards (D:1)
  2 kobolds
13 creatures vanquished.

Notes
Turn   | Place    | Note
-------+----------+-------------------------------------------
     0 | D:1      | chaosape the Gnoll Wanderer began the quest for the Orb.
     0 | D:1      | chaosape set off with the following items: a +2 spear, a
                  | potion of curing, a +0 robe; and the following spells
                  | available to memorise: Corpse Rot, Static Discharge
     0 | D:1      | Reached XP level 1. HP: 17/17 MP: 6/6
   923 | D:2      | Reached XP level 2. HP: 21/23 MP: 7/7
  1060 | D:2      | Succumbed to a kobold's curare-tipped dart

Illustrated notes

Levels and vault maps discovered:
D:1:      lightli_arrival_chessboard, layout_loops_corners
D:2:      layout_loops_ring

Action                   || total
-------------------------++-------
Melee: Spear             ||    25
       Bite              ||     2
  Use: Scroll            ||     1
       Potion            ||     1
 Stab: Sleeping          ||     2
Armor: Leather armour    ||     3
Dodge: Dodged            ||     4
